Map: Thunderbird LE

Players

Rogue - Winner!

  • Race: Zerg Zerg
  • Spawn Location: 5:00

Classic

  • Race: Protoss Protoss
  • Spawn Location: 11:00

Event: 2019 WCS Global FInals

VOD

Have the link to the VOD?

Description

Time

  • Played on: Nov. 1, 2019, 6:12 p.m.
  • Length: 10:45

All games in this series

Show
View Real Time Build Order
Export as new Build Order

Rogue Zerg - Winner!

Build Orders: Hatch First, Swarm Host 

Get SALT Encoding   

  12  0:00  Drone  
  13  0:12  Overlord  
  13  0:16  Drone  
  14  0:30  Drone x2  
  16  0:47  Hatchery  
  15  0:50  Drone  
  15  0:54  Drone  
  15  0:56  Drone  
  18  1:09  Extractor  
  17  1:12  Spawning Pool  
  17  1:15  Drone  
  17  1:19  Drone  
  18  1:29  Drone  
  19  1:41  Drone  
  20  1:50  Overlord  
  20  1:59  Queen  
  20  2:01  Zergling x4, Queen  
  26  2:09  Metabolic Boost  
  26  2:11  Drone  
  26  2:14  Drone  
  28  2:23  Drone x2  
  30  2:39  Drone, Hatchery  
  30  2:40  Drone  
  30  2:43  Drone  
  32  2:50  Queen  
  34  2:54  Overlord  
  34  2:57  Drone  
  35  2:58  Drone  
  36  3:14  Drone x6  
  42  3:25  Spore Crawler, Overlord  
  42  3:27  Queen  
  41  3:29  Zergling x2  
  41  3:33  Spore Crawler  
  43  3:35  Zergling x2  
  44  3:48  Drone x3  
  45  3:51  Zergling x2, Queen  
  45  3:54  Overlord  
  49  3:55  Drone  
  49  3:56  Drone x2  
  49  3:59  Drone  
  49  4:02  Drone  
  54  4:04  Drone  
  54  4:07  Overlord  
  55  4:15  Drone x3  
  58  4:17  Spore Crawler  
  58  4:20  Overlord  
  58  4:21  Pneumatized Carapace  
  58  4:24  Overlord, Drone  
  57  4:25  Drone x2  
  57  4:30  Roach Warren  
  59  4:34  Drone  
  59  4:35  Drone x3  
  60  4:39  Zergling x4  
  60  4:42  Drone  
  60  4:43  Drone x2  
  65  4:45  Extractor  
  65  4:47  Overlord  
  65  4:48  Drone  
  65  4:49  Drone  
  66  4:53  Drone x2  
  66  4:54  Drone  
  66  4:58  Lair  
  69  5:01  Spore Crawler  
  69  5:04  Extractor  
  69  5:05  Extractor  
  66  5:09  Drone x6  
  66  5:12  Overlord  
  71  5:14  Drone  
  71  5:15  Drone  
  71  5:16  Drone  
  71  5:18  Overlord  
  73  5:23  Overlord  
  73  5:25  Drone x4  
  77  5:29  Drone  
  77  5:30  Evolution Chamber  
  77  5:31  Drone  
  77  5:32  Drone  
  79  5:36  Drone x3  
  79  5:39  Extractor  
  79  5:40  Drone, Extractor  
  79  5:42  Overlord  
  81  5:48  Drone  
  81  5:49  Drone  
  83  5:57  Roach x2  
  83  5:58  Roach x3  
  83  6:01  Zerg Missile Weapons Level 1, Glial Reconstitution  
  83  6:02  Roach  
  95  6:06  Roach x2  
  95  6:10  Overlord  
  99  6:18  Drone x2  
  97  6:22  Overseer  
  97  6:23  Infestation Pit  
  97  6:24  Overseer  
  96  6:32  Hatchery  
  95  6:35  Nydus Network, Roach x8  
  95  6:39  Roach x2  
  114  6:43  Roach  
  114  6:47  Roach x4  
  114  6:48  Roach  
  114  6:51  Roach  
  119  6:54  Roach  
  119  6:55  Roach  
  119  7:00  Roach x2  
  124  7:05  Roach x2  
  124  7:06  Roach x3  
  130  7:16  Overlord x2  
  130  7:22  Overlord  
  130  7:29  Overlord  
  130  7:31  Nydus Canal  
  130  7:33  Queen  
  130  7:36  Swarm Host x4  
  144  7:37  Overlord x3  
  140  7:44  Swarm Host x5  
  140  7:48  Nydus Canal  
  140  7:49  Swarm Host  
  152  7:55  Swarm Host x2  
  152  7:57  Zergling x8  
  160  8:06  Queen  
  160  8:08  Drone x4  
  160  8:09  Nydus Canal  
  166  8:17  Zergling x14  
  173  8:21  Extractor, Ravager  
  173  8:22  Ravager  
  173  8:23  Nydus Canal  
  173  8:26  Zergling x10  
  173  8:27  Zergling x4  
  181  8:28  Drone  
  181  8:33  Overlord  
  182  8:40  Nydus Canal  
  182  8:47  Ravager x2  
  184  8:49  Overlord x2  
  184  8:51  Overlord  
  184  8:53  Ravager x2  
  184  8:54  Overlord, Ravager  
  187  8:58  Hatchery  
  187  9:01  Roach x3  
  191  9:03  Overlord  
  191  9:05  Overlord  
  191  9:08  Hydralisk Den  
  189  9:10  Ravager x2  
  189  9:11  Zergling x12  
  189  9:12  Zergling x4  
  192  9:26  Roach  
  192  9:27  Roach x6  
  192  9:29  Roach  
  192  9:30  Nydus Canal  
  194  9:31  Roach  
  194  9:33  Roach x2  
  193  9:41  Roach  
  193  9:42  Roach x4  
  193  9:45  Roach  
  195  9:46  Roach  
  195  9:48  Roach  
  195  9:49  Roach x4  
  195  9:50  Nydus Canal, Roach  
  189  9:53  Roach  
  189  9:54  Roach  
  191  10:00  Roach  
  191  10:01  Roach x3  
  191  10:04  Roach x2  
  187  10:08  Roach x3  
  187  10:10  Roach  
  187  10:13  Roach x2  
  195  10:15  Zergling x2  
  195  10:16  Zergling x2  
  195  10:18  Zergling x2  
  195  10:21  Zergling x6  
  197  10:24  Roach x2  
  195  10:35  Nydus Canal  
Show
View Real Time Build Order
Export as new Build Order

Classic Protoss 

Build Orders: 1 Gate Expand, Oracle Opening, Zealot Archon, Archon Drop 

Get SALT Encoding   

  12  0:00  Probe  
  13  0:12  Probe  
  14  0:18  Pylon  
  14  0:24  Probe  
  15  0:36  Probe (Chrono Boost)  
  15  0:40  Gateway  
  16  0:46  Assimilator, Probe (Chrono Boost)  
  17  0:51  Probe (Chrono Boost)  
  18  1:03  Probe  
  19  1:15  Probe  
  20  1:21  Pylon  
  20  1:30  Nexus  
  20  1:33  Probe  
  21  1:40  Cybernetics Core  
  21  1:45  Probe  
  22  1:47  Assimilator  
  22  1:54  Pylon  
  22  1:57  Probe  
  23  2:12  Probe  
  23  2:13  Adept (Chrono Boost)  
  24  2:16  Warp Gate  
  26  2:24  Probe  
  26  2:26  Stargate  
  27  2:36  Probe (Chrono Boost), Adept  
  30  2:42  Probe (Chrono Boost)  
  31  2:48  Probe (Chrono Boost)  
  32  2:53  Probe (Chrono Boost)  
  32  2:55  Probe (Chrono Boost)  
  32  2:58  Probe (Chrono Boost)  
  34  3:02  Probe  
  36  3:06  Adept  
  36  3:07  Oracle (Chrono Boost)  
  36  3:09  Probe  
  36  3:12  Pylon  
  42  3:16  Probe  
  43  3:21  Probe  
  43  3:27  Gateway  
  44  3:31  Probe  
  44  3:33  Probe  
  46  3:35  Oracle (Chrono Boost)  
  46  3:36  Assimilator  
  46  3:39  Assimilator  
  46  3:41  Pylon  
  49  3:46  Probe x2  
  51  3:58  Probe x2  
  53  4:03  Robotics Facility  
  53  4:06  Phoenix  
  53  4:09  Forge  
  55  4:11  Probe x2  
  57  4:22  Twilight Council  
  57  4:25  Probe x2  
  57  4:27  Pylon  
  59  4:39  Probe x2  
  61  4:47  Nexus, Protoss Ground Weapons Level 1 (Chrono Boost)  
  61  4:53  Probe x2  
  61  4:55  Charge  
  63  5:00  Gateway  
  63  5:01  Gateway  
  63  5:03  Warp Prism (Chrono Boost)  
  65  5:15  Probe x2  
  64  5:22  Templar Archives  
  64  5:27  Probe  
  64  5:28  Probe  
  66  5:32  Gateway  
  66  5:34  Gateway  
  66  5:40  Gateway  
  66  5:41  Gateway  
  66  5:42  Pylon, Probe x2  
  68  5:50  Pylon  
  68  5:54  Observer, Probe  
  70  5:58  Pylon, Probe  
  70  5:59  High Templar x4  
  70  6:03  Archon  
  79  6:05  Probe  
  79  6:06  Probe  
  79  6:10  Probe, Archon  
  78  6:21  Probe  
  78  6:22  Probe x2  
  78  6:23  Assimilator  
  78  6:24  Pylon  
  81  6:27  Assimilator  
  81  6:31  Zealot x4  
  81  6:32  Zealot x2  
  93  6:37  Zealot x2  
  93  6:47  Blink (Chrono Boost)  
  87  6:54  Zealot x6  
  91  7:01  Immortal (Chrono Boost)  
  91  7:07  Probe x2  
  85  7:20  Probe  
  85  7:21  Probe x2  
  88  7:24  Forge  
  88  7:25  Stalker x6, Sentry  
  88  7:26  Stalker  
  108  7:38  Immortal (Chrono Boost)  
  108  7:42  Pylon  
  108  7:49  Stalker x2  
  108  7:50  Stalker x2  
  116  7:52  Stalker  
  116  7:56  Stalker  
  117  8:00  Pylon  
  117  8:01  Pylon x2  
  117  8:14  Pylon  
  117  8:16  Shield Battery x2, Forge  
  117  8:24  Protoss Ground Weapons Level 2 (Chrono Boost)  
  117  8:26  Stalker x3  
  117  8:27  Stalker x3  
  129  8:34  Stalker x2  
  133  8:42  Immortal  
  137  8:50  Pylon  
  137  8:52  Pylon  
  133  9:03  Stalker x5  
  143  9:12  Stalker  
  143  9:13  Stalker x2  
  149  9:18  Shield Battery  
  149  9:19  Pylon  
  115  9:32  Stalker x2  
  115  9:33  Stalker x2  
  121  9:50  Stalker x2  
  109  9:58  Stalker x4  
  113  10:00  Pylon  
  83  10:23  Zealot x6  
  91  10:31  Zealot  
Tags
 
Add a new tag
Caveats
  • Supply blocks, unpowered buildings, or Contaminate may cause inaccurate times.
  • Supply counts are checked every 10 seconds.